 Dungeon Crawl Stone Soup version 0.19.1-1-g22dce08 (webtiles) character file.

9321 LORDOFBUTT the Severer (level 11, -2/91 HPs)
             Began as a Minotaur Berserker on Dec 31, 2016.
             Was the Champion of Trog.
             Killed by divine providence
             ... invoked by an orc priest
             ... led by an orc knight
              (10 damage)
             ... on level 2 of the Orcish Mines.
             The game lasted 00:14:34 (9711 turns).

LORDOFBUTT the Severer (Minotaur Berserker)         Turns: 9711, Time: 00:14:35

Health: -2/91      AC: 15    Str: 27    XL:     11   Next: 21%
Magic:  10/10      EV: 12    Int:  4    God:    Trog [******]
Gold:   967        SH:  0    Dex: 15    Spells: 0 memorised, 10 levels left

rFire  . . .     SeeInvis .     G - +13 quarterstaff "Fecest" {crush, rPois rN+ MR+}
rCold  . . .     Gourm    .     S - +1 chain mail {MR+}
rNeg   + + .     Faith    .     (shield currently unavailable)
rPois  +         Spirit   .     (helmet unavailable)
rElec  .         Reflect  .     f - +0 cloak
rCorr  .         Harm     .     y - +0 pair of gloves
MR     ++...                    (no boots)
Stlth  ..........               (no amulet)
                                t - ring of positive energy
                                P - +5 ring of dexterity

@: very slightly contaminated, hasted, very quick
A: retaliatory headbutt, claws 1, horns 3, yellow scales 1, screaming 1, strong
1
a: Berserk, Trog's Hand, Brothers in Arms, Burn Spellbooks, Renounce Religion


You were on level 2 of the Orcish Mines.
You worshipped Trog.
Trog was exalted by your worship.
You were not hungry.

You visited 2 branches of the dungeon, and saw 12 of its levels.
You also visited: Ossuary.

You collected 967 gold pieces.

Inventory:

Hand Weapons
 u - a +2 hand axe of freezing
 G - the +13 quarterstaff "Fecest" (weapon) {crush, rPois rN+ MR+}
   (Trog gifted it to you on level 9 of the Dungeon)

   It inflicts extra damage upon your enemies.
   It protects you from poison.
   It protects you from negative energy.
   It affects your resistance to hostile enchantments.
Armour
 f - a +0 cloak (worn)
 y - a +0 pair of gloves (worn)
 L - a +0 ring mail of fire resistance
 S - a +1 chain mail of magic resistance (worn)
Jewellery
 t - a ring of positive energy (right hand)
 P - a +5 ring of dexterity (left hand)
Wands
 b - a wand of teleportation (5/9)
 n - a wand of iceblast (5/15)
 s - a wand of lightning (10/15)
 w - a wand of polymorph (9/24)
 D - a wand of paralysis (10/24)
 N - a wand of slowing (31/48)
 O - a wand of disintegration (5/24)
 Q - a wand of polymorph (8/24)
Scrolls
 g - 5 scrolls of remove curse
 j - a scroll of fear {unknown}
 l - 4 scrolls of teleportation
 o - a scroll of recharging {unknown}
 v - 2 scrolls of amnesia {unknown}
 B - 4 scrolls of enchant weapon
 F - a scroll of enchant armour {unknown}
 I - a scroll of torment {unknown}
 J - 2 scrolls of random uselessness {unknown}
 M - a scroll of vulnerability {unknown}
Potions
 e - a potion of haste
 h - a potion of berserk rage {unknown}
 i - a potion of cancellation {unknown}
 k - 4 potions of flight {unknown}
 m - a potion of beneficial mutation {unknown}
 p - 4 potions of heal wounds {unknown}
 q - 3 potions of agility
 r - 4 potions of curing {unknown}
 x - 2 potions of invisibility {unknown}
 z - 5 potions of degeneration {unknown}
 A - 3 potions of lignification {unknown}
 C - 3 potions of might {unknown}
 E - 4 potions of brilliance {unknown}
 K - a potion of cure mutation {unknown}
Books
 H - a book of Minor Magic

   Spells                             Type                      Level
   a - Magic Dart                     Conjuration                  1
   b - Blink                          Translocation                2
   c - Call Imp                       Summoning                    2
   d - Repel Missiles                 Charms/Air                   2
   e - Slow                           Hexes                        2
   f - Conjure Flame                  Conjuration/Fire             3
   g - Mephitic Cloud                 Conjuration/Poison/Air       3
   Trog disapproves of the use of such an item.
Comestibles
 a - 9 meat rations
 c - 7 bread rations
 d - 2 royal jellies
 R - a slice of pizza


   Skills:
 + Level 6.7 Fighting
 - Level 16.2 Axes
 * Level 7.8 Staves
 + Level 5.8 Armour
 + Level 5.4 Dodging


You had 10 spell levels left.
You didn't know any spells.

Dungeon Overview and Level Annotations

Branches:
Dungeon (10/15)            Temple (0/1) D:5            Lair (0/6) D:9
    Orc (2/2) D:9
    Elf: Orc:2

Altars:
Dithmenos
Elyvilon
Makhleb
Qazlal
Sif Muna
Vehumet
The Shining One

Shops:
D:5 :   D:8 ::


Innate Abilities, Weirdness & Mutations

You reflexively headbutt those who attack you in melee.
You have a pair of large horns on your head.
You have sharp fingernails.
You are partially covered in yellow scales. (AC +2)
You occasionally shout uncontrollably at your foes.
Your muscles are strong. (Str +2)


Message History

The orc knight hits you with an uncursed great mace!
You sock the orc knight!
The orc knight is heavily wounded.
The warg bites you! The orc priest hits you with a dagger. The troll bites you!
* * * LOW HITPOINT WARNING * * *
The troll misses you. The troll claws you but does no damage.
You are too injured to fight recklessly!
You are too injured to fight recklessly!
You feel yourself speed up. The warg bites you but does no damage.
The orc priest closely misses you. The troll barely misses you.
The troll misses you. The troll claws you but does no damage.
The orc knight hits you with an uncursed great mace!
* * * LOW HITPOINT WARNING * * *
You are very lightly contaminated with residual magic.
You see here a bolt.
The orc priest calls upon Beogh to heal the orc knight.
The orc knight is healed somewhat.
The orc priest calls down the wrath of Beogh upon you.
Beogh smites you!
You die...

#..###...###..##o...#...
#..##..### ##.##.o..#...
#......# #...T.......
#......# ##..........
#...#### ###........
#.....### ####.h......#
#.......####............
#..................#....
#..........##...@..####.
#.........#.#.......#
#.................### .
#..................##...
#...........###.).......
##..........#...<.......
###.....#.###..........
###.##### ####.......
### #......


You could see a troll, a warg and an orc priest.

Vanquished Creatures
  Josephine (Orc:2)
  Pikel (D:9)
  2 orc sorcerers (Orc:1)
  A cyclops (Orc:1)
  Psyche (D:8)
  Joseph (D:8)
  2 hippogriffs
  5 wraiths (Orc:2)
  A wyvern (D:8)
  A hungry ghost (D:8)
  Edmund (D:4)
  2 hell hounds (D:9)
  A water moccasin (D:9)
  7 orc warriors
  3 sky beasts
  2 slaves (D:9)
  2 phantoms
  A necrophage (D:6)
  6 ogres
  2 centaurs
  A big kobold (D:8)
  A gnoll sergeant (D:8)
  A wyvern zombie (D:8)
  3 bullfrogs
  2 water moccasin zombies (Ossuary)
  2 scorpions
  3 howler monkeys (D:9)
  3 crimson imps
  A centaur zombie (D:7)
  A bullfrog zombie (D:6)
  6 hounds
  Crazy Yiuf (D:2)
  7 orc priests
  3 bullfrog skeletons
  A jelly (D:8)
  Terence (D:2)
  3 iguanas
  11 orc wizards
  7 worker ants
  A big kobold zombie (Ossuary)
  A hound skeleton (D:5)
  2 mummies (Ossuary)
  A worker ant zombie (D:9)
  20 gnolls
  13 adders
  A shadow imp (D:4)
  2 adder skeletons
  6 adder zombies (Ossuary)
  4 worms
  4 dart slugs
  7 leopard geckos
  57 orcs
  6 giant cockroaches
  3 gnoll zombies (Ossuary)
  21 goblins
  12 hobgoblins
  17 jackals
  15 kobolds
  5 quokkas
  4 bats
  5 frilled lizards
  2 hobgoblin zombies (Ossuary)
  5 kobold zombies (Ossuary)
  A leopard gecko skeleton (D:4)
  2 orc zombies (Ossuary)
  6 rats
324 creatures vanquished.

Vanquished Creatures (others)
  An orc wizard (D:9)
  An adder (D:9)
  6 orcs (D:9)
8 creatures vanquished.

Grand Total: 332 creatures vanquished

Notes
Turn   | Place    | Note
-------+----------+-------------------------------------------
     0 | D:1      | LORDOFBUTT the Minotaur Berserker began the quest for the Orb.
     0 | D:1      | Reached XP level 1. HP: 19/19 MP: 0/0
    97 | D:1      | Reached skill level 4 in Axes
   107 | D:1      | Reached XP level 2. HP: 26/26 MP: 1/1
   187 | D:1      | Reached skill level 5 in Axes
   256 | D:1      | Reached XP level 3. HP: 27/31 MP: 2/2
   301 | D:1      | Reached ** piety under Trog
   471 | D:2      | Found a runed door.
   544 | D:2      | Found a white marble altar of Elyvilon.
   588 | D:2      | Reached XP level 4. HP: 24/39 MP: 3/3
   593 | D:2      | Reached skill level 6 in Axes
   995 | D:2      | Noticed Terence
  1006 | D:2      | Killed Terence
  1212 | D:2      | Noticed Crazy Yiuf
  1216 | D:2      | Killed Crazy Yiuf
  1216 | D:2      | Reached skill level 7 in Axes
  1216 | D:2      | Reached XP level 5. HP: 45/45 MP: 4/4
  2114 | D:4      | Reached skill level 8 in Axes
  2166 | D:4      | Reached *** piety under Trog
  2271 | D:4      | Reached XP level 6. HP: 32/51 MP: 5/5
  2607 | D:4      | Reached skill level 9 in Axes
  2795 | D:4      | Noticed a hippogriff
  2809 | D:4      | Killed a hippogriff
  2809 | D:4      | Reached skill level 10 in Axes
  2809 | D:4      | Reached XP level 7. HP: 3/57 MP: 6/6
  2809 | D:4      | HP: 2/57 [poisoned by an adder]
  2995 | D:4      | Noticed Edmund
  3005 | D:4      | Killed Edmund
  3417 | D:5      | Entered Level 5 of the Dungeon
  3430 | D:5      | Found Ufukloschu's Book Shoppe.
  3521 | D:5      | Reached skill level 11 in Axes
  4095 | D:5      | Reached XP level 8. HP: 63/64 MP: 7/7
  4103 | D:5      | Found a staircase to the Ecumenical Temple.
  4337 | D:5      | Reached **** piety under Trog
  4340 | D:5      | Reached skill level 12 in Axes
  5163 | D:6      | Reached ***** piety under Trog
  5169 | D:6      | Reached skill level 13 in Axes
  5599 | D:7      | Found a sand-covered staircase.
  5603 | D:7      | Reached XP level 9. HP: 70/70 MP: 8/8
  5642 | Ossuary  | Entered an ossuary
  5730 | Ossuary  | Reached skill level 14 in Axes
  6225 | D:7      | Gained mutation: You occasionally shout uncontrollably at your foes. [mutagenic meat]
  6226 | D:7      | Gained mutation: You have sharp fingernails. [mutagenic meat]
  6227 | D:7      | Gained mutation: You have a pair of large horns on your head. [mutagenic meat]
  6228 | D:7      | Gained mutation: Your movements are slightly less encumbered by armour. (ER -2) [mutagenic meat]
  6229 | D:7      | Gained mutation: You are partially covered in yellow scales. (AC +2) [mutagenic meat]
  6230 | D:7      | Lost mutation: Your movements are slightly less encumbered by armour. (ER -2) [mutagenic meat]
  6449 | D:7      | You fall through a shaft for 2 floors!
  6454 | D:9      | Noticed Pikel
  6468 | D:9      | Killed Pikel
  6468 | D:9      | Reached skill level 15 in Axes
  6552 | D:9      | Found a glowing golden altar of the Shining One.
  6692 | D:9      | Found a staircase to the Lair.
  6890 | D:9      | Reached skill level 16 in Axes
  6965 | D:9      | Received a gift from Trog
  6986 | D:9      | Got a dazzling quarterstaff {god gift}
  6987 | D:9      | Identified the +13 quarterstaff "Fecest" {crush, rPois rN+ MR+} (Trog gifted it to you on level 9 of the Dungeon)
  7051 | D:9      | Found a staircase to the Orcish Mines.
  7177 | D:9      | Reached skill level 1 in Staves
  7177 | D:9      | Reached XP level 10. HP: 61/78 MP: 9/9
  7346 | D:9      | Found a stormy altar of Qazlal.
  7421 | D:10     | Entered Level 10 of the Dungeon
  7451 | D:8      | Noticed Joseph
  7460 | D:8      | Killed Joseph
  7609 | D:8      | Found a burning altar of Makhleb.
  7612 | D:8      | Found a radiant altar of Vehumet.
  7615 | D:8      | Found a deep blue altar of Sif Muna.
  7633 | D:8      | Found Ikathuaz's Book Boutique.
  7858 | D:8      | Noticed Psyche
  7863 | D:8      | Killed Psyche
  7917 | D:8      | Reached skill level 5 in Fighting
  8122 | D:8      | Reached skill level 5 in Staves
  8174 | D:8      | Found Yciecsoq's Book Boutique.
  8555 | D:8      | Gained mutation: Your muscles are strong. (Str +2) [mutagenic meat]
  8884 | D:7      | Found a shadowy altar of Dithmenos.
  9243 | Orc:1    | Entered Level 1 of the Orcish Mines
  9243 | Orc:1    | Noticed a cyclops
  9245 | Orc:1    | Noticed an orc sorcerer
  9249 | Orc:1    | Killed a cyclops
  9252 | Orc:1    | Killed an orc sorcerer
  9252 | Orc:1    | Reached skill level 5 in Armour
  9254 | Orc:1    | Noticed an orc sorcerer
  9264 | Orc:1    | Killed an orc sorcerer
  9269 | Orc:1    | Reached skill level 5 in Dodging
  9343 | Orc:1    | Reached XP level 11. HP: 78/89 MP: 10/10
  9480 | Orc:2    | Entered Level 2 of the Orcish Mines
  9480 | Orc:2    | Noticed Josephine
  9485 | Orc:2    | Killed Josephine
  9487 | Orc:2    | Reached ****** piety under Trog
  9689 | Orc:2    | Noticed an orc knight
  9711 | Orc:2    | Killed from afar by an orc priest

Skill      XL: |  1  2  3  4  5  6  7  8  9 10 11 |
---------------+----------------------------------+-----
Axes           | 4 5 7 8 10 11 13 16 | 16.2
Staves         | 1 6 7 |  7.8
Fighting       | 6 |  6.7
Armour         | 5 |  5.8
Dodging        | 5 |  5.4

Action                   |  1- 3 |  4- 6 |  7- 9 | 10-12 || total
-------------------------+-------+-------+-------+-------++-------
Melee: Hand axe          |    68 |   133 |   354 |       ||   555
       Headbutt          |    10 |    25 |    73 |    27 ||   135
       Quarterstaff      |       |       |    15 |   164 ||   179
Invok: Berserk           |     1 |     2 |     3 |     2 ||     8
  Use: Scroll            |     2 |     3 |     4 |     1 ||    10
       Potion            |       |       |     1 |     1 ||     2
 Stab: Sleeping          |       |     2 |     1 |       ||     3
  Eat: Chunk             |       |     5 |    14 |     4 ||    23
       Beef jerky        |       |     1 |     2 |       ||     3
       Pizza             |       |     1 |     2 |       ||     3
       Bread ration      |       |       |     1 |     2 ||     3
Armor: Chain mail        |    27 |       |       |    34 ||    61
       Animal skin       |     3 |    23 |    22 |       ||    48
       Ring mail         |       |       |    37 |    34 ||    71
Dodge: Dodged            |    42 |    70 |   142 |    89 ||   343
